 Dungeon Crawl Stone Soup version bcrawl-1.18.1 (webtiles) character file.

Game seed: 9160071814192992704

665 Freyura the Twirler (level 7, -3/43 HPs)
             Began as a Gargoyle Gladiator on Nov 11, 2019.
             Was a Follower of Nemelex Xobeh.
             Slain by a troll (8 damage)
             ... on level 4 of the Dungeon.
             The game lasted 00:15:40 (4127 turns).

Freyura the Twirler (Gargoyle Gladiator)            Turns: 4127, Time: 00:15:40

Health: -3/43      AC: 18    Str: 18    XL:     7   Next: 57%
Magic:  9/9        EV:  8    Int:  8    God:    Nemelex Xobeh [*.....]
Gold:   233        SH:  0    Dex: 13    Spells: 6/6 levels left

rFire    . . .     SeeInvis .   a - +0 quarterstaff
rCold    . . .     Gourm    .   (shield currently unavailable)
rNeg     + . .     Faith    .   c - +0 chain mail
rPois    ∞         Spirit   .   n - +2 helmet
rElec    +         Reflect  .   (no cloak)
rCorr    .         Harm     .   (no gloves)
MR       .....                  m - +0 pair of boots
Stlth    ..........             (no amulet)
HPRegen  0.14/turn              (no ring)
MPRegen  0.11/turn              (no ring)

@: no status effects
A: negative energy resistance 1, electricity resistance, unbreathing,
petrification resistance, rot immunity, AC +4
a: Draw Escape, Draw Destruction, Draw Summoning, Renounce Religion


You were on level 4 of the Dungeon.
You worshipped Nemelex Xobeh.
Nemelex Xobeh was aware of your devotion.
You were not hungry.

You visited 1 branch of the dungeon, and saw 5 of its levels.

You collected 233 gold pieces.

Inventory:

Hand Weapons
 a - a +0 quarterstaff (weapon)
Missiles
 d - 4 throwing nets (quivered) {!f}
Armour
 c - a +0 chain mail (worn)
 m - a +0 pair of boots (worn)
 n - a +2 helmet (worn)
 o - a +0 ring mail
Scrolls
 e - a scroll of identify
 g - 3 scrolls of remove curse
 k - a scroll of amnesia {unknown}
 l - 2 scrolls of enchant weapon {unknown}
 r - a scroll of immolation
 t - 2 scrolls of enchant armour {unknown}
 w - a scroll of blinking {unknown}
Potions
 b - a potion of berserk rage {unknown}
 h - a potion of might {unknown}
 i - a potion of lignification
 j - a potion of magic
 p - 2 potions of curing {unknown}
 q - 2 potions of haste
 s - a potion of degeneration {unknown}
 u - a potion of flight {unknown}
Comestibles
 f - 3 rations {!d}
 x - 2 chunks of flesh


   Skills:
 + Level 4.2 Fighting
 * Level 5.5 Staves
 - Level 1.7 Throwing
 + Level 3.3 Armour
 + Level 3.6 Dodging
 + Level 2.7 Invocations


You had 6 spell levels left.
You didn't know any spells.
Your spell library was empty.

Dungeon Overview and Level Annotations

Branches:
Dungeon (5/12)
 Temple: D:4-7

Altars:
Nemelex Xobeh
Okawaru
Ru
Xom
Zin
The Shining One

Shops:
D:4 *


Innate Abilities, Weirdness & Mutations

You are resistant to torment.
Your stone body is resilient. (AC +4)
You are immune to poison.
You resist negative energy. (rN+)
You are resistant to electric shocks. (rElec)
You can survive without breathing.
You are immune to petrification.
You are immune to rotting.


Message History

The troll barely misses you. The troll claws you. The troll claws you!
You sock the troll!
The troll is severely wounded.
The troll bites you but does no damage. The troll claws you but does no damage.
The troll claws you.
You hit the troll but do no damage.
The troll is severely wounded.
The troll bites you but does no damage. The troll claws you but does no damage.
The troll barely misses you.
You hit the troll but do no damage.
The troll is heavily wounded.
The troll bites you!
* * * LOW HITPOINT WARNING * * *
The troll claws you but does no damage. x2
Your chain mail prevents you from hitting the troll.
The troll is heavily wounded.
The troll bites you but does no damage. The troll claws you but does no damage.
The troll claws you!
You die...
Your body disappears without a glow.

.##### #.#
#.# .....#
#.# #)#
.###.# #.#
#.# (# #.#
##.#####.#
.# #.#
#........#
.# #.#
#..#######
.# #.#
#..# .#
#.# #..#
.# #.#
###@.# .#
#.# #..T.#
.# #.#
#.#.## ##
#.# #.#.#
#.# #.#.#
#.# #.#.#
#.# #.#.#
# #.#
#.#.# #
#.# #.#.#


You could see a troll.

Vanquished Creatures
  A phantom (D:4)
  A sky beast (D:4)
  An ogre (D:4)
  A howler monkey (D:4)
  A crimson imp (D:4)
  An orc priest (D:3)
  A bullfrog skeleton (D:4)
  A hound (D:4)
  A worker ant (D:5)
  4 gnolls (D:3)
  4 adders
  4 worms
  5 dart slugs
  7 leopard geckos
  10 orcs
  5 bats
  2 giant cockroaches
  17 goblins
  7 hobgoblins
  4 jackals
  5 quokkas
  6 frilled lizards
  10 kobolds
  A leopard gecko skeleton (D:4)
  7 rats
107 creatures vanquished.

Notes
Turn   | Place    | Note
-------+----------+-------------------------------------------
     0 | D:1      | Freyura the Gargoyle Gladiator began the quest for the Orb.
     0 | D:1      | Reached XP level 1. HP: 12/12 MP: 1/1
    39 | D:1      | Reached XP level 2. HP: 18/18 MP: 2/2
   308 | D:1      | Reached skill level 1 in Armour
   337 | D:1      | Reached XP level 3. HP: 22/22 MP: 3/3
  1059 | D:2      | Reached XP level 4. HP: 27/27 MP: 4/4
  1728 | D:2      | Found a glowing golden altar of the Shining One.
  1728 | D:2      | Found a shimmering altar of Xom.
  1733 | D:2      | Found a sparkling altar of Nemelex Xobeh.
  1735 | D:2      | Found an iron altar of Okawaru.
  1736 | D:2      | Found a sacrificial altar of Ru.
  1741 | D:2      | Became a worshipper of Nemelex Xobeh the Trickster
  1763 | D:2      | Received a gift from Nemelex Xobeh
  2067 | D:3      | Reached skill level 4 in Staves
  2077 | D:3      | Reached XP level 5. HP: 19/32 MP: 5/5
  2337 | D:3      | Reached skill level 1 in Invocations
  2685 | D:3      | Reached * piety under Nemelex Xobeh
  2732 | D:3      | Found a glowing silver altar of Zin.
  3116 | D:4      | Noticed an ogre
  3139 | D:4      | Reached XP level 6. HP: 35/37 MP: 7/7
  3212 | D:4      | Noticed a sky beast
  3240 | D:4      | Killed a sky beast
  3240 | D:4      | Reached skill level 5 in Staves
  3240 | D:4      | Reached XP level 7. HP: 30/42 MP: 8/8
  3361 | D:4      | Received a gift from Nemelex Xobeh
  3651 | D:4      | Found Lekh's Luxury Loot.
  4054 | D:5      | Entered Level 5 of the Dungeon
  4106 | D:5      | Noticed a troll
  4127 | D:4      | Slain by a troll

Skill      XL: |  1  2  3  4  5  6  7 |
---------------+----------------------+-----
Armour         | 1 2 3 |  3.3
Fighting       | 3 4 |  4.2
Staves         | 4 5 |  5.5
Dodging        | 3 |  3.6
Invocations    | 1 2 |  2.7
Throwing       | |  1.7

Action                   |  1- 3 |  4- 6 |  7- 9 || total
-------------------------+-------+-------+-------++-------
Melee: Quarterstaff      |   127 |   206 |    75 ||   408
 Abil: Draw Destruction  |       |     2 |       ||     2
  Use: Scroll            |     1 |     5 |       ||     6
       Potion            |       |     2 |     1 ||     3
  Eat: Chunk             |       |     8 |     3 ||    11
Armor: Leather armour    |    77 |     9 |       ||    86
       Ring mail         |       |    35 |       ||    35
       Chain mail        |       |    71 |    58 ||   129
Dodge: Dodged            |   116 |   103 |    39 ||   258
